 Dungeon Crawl Stone Soup version 0.22-a0-135-g6f012ad (webtiles) character file.

675 Azzok the Carver (level 7, -2/64 HPs)
             Began as a Minotaur Fighter on Feb 1, 2018.
             Splashed by a jelly's acid (9 damage)
             ... on level 6 of the Dungeon.
             The game lasted 00:08:07 (3825 turns).

Azzok the Carver (Minotaur Fighter)                 Turns: 3825, Time: 00:08:08

Health: -2/64      AC: -2    Str: 23    XL:     7   Next: 33%
Magic:  6/6        EV:  5    Int:  5    God:
Gold:   250        SH:  9    Dex: 11    Spells: 6/6 levels left

rFire    . . .     SeeInvis .   a - +0 long sword
rCold    . . .     Gourm    .   c - +0 shield
rNeg     . . .     Faith    .   B - +0 chain mail
rPois    .         Spirit   .   (helmet restricted)
rElec    .         Reflect  .   j - +0 cloak
rCorr    .         Harm     .   (no gloves)
MR       .....                  g - +2 pair of boots
Stlth    ..........             (no amulet)
HPRegen  0.20/turn              s - +2 ring of dexterity
MPRegen  0.10/turn              (no ring)

@: corroded
A: retaliatory headbutt, horns 2
a: no special abilities


You were on level 6 of the Dungeon.
You were not hungry.

You visited 1 branch of the dungeon, and saw 6 of its levels.

You collected 306 gold pieces.
You spent 56 gold pieces at shops.

Inventory:

Hand Weapons
 a - a +0 long sword (weapon)
 A - a +3 whip
Armour
 c - a +0 shield (worn)
 g - a +2 pair of boots (worn)
 j - a +0 cloak (worn)
 t - a +0 large shield
 B - a +0 chain mail (worn)
Jewellery
 s - a +2 ring of dexterity (left hand)
Wands
 z - a wand of polymorph (18)
Scrolls
 e - 3 scrolls of noise {unknown}
 k - 2 scrolls of fear {unknown}
 l - 12 scrolls of teleportation {unknown}
 n - 4 scrolls of identify {unknown}
 o - 2 scrolls of amnesia {unknown}
 r - 3 scrolls of remove curse {unknown}
 u - 3 scrolls of enchant weapon {unknown}
 x - a scroll of blinking {unknown}
 y - a scroll of immolation {unknown}
Potions
 d - a potion of might
 h - 5 potions of lignification {unknown}
 i - a potion of cancellation {unknown}
 m - a potion of agility {unknown}
 p - 2 potions of heal wounds {unknown}
 q - 4 potions of curing
 v - 2 potions of resistance {unknown}
 w - a potion of brilliance {unknown}
Books
 b - a book of Cantrips

   Spells                             Type                      Level
   a - Confusing Touch                Hexes                        1
   b - Animate Skeleton               Necromancy                   1
   c - Summon Small Mammal            Summoning                    1
   d - Apportation                    Translocation                1
Comestibles
 f - 11 rations
 C - 3 chunks of flesh


   Skills:
 + Level 6.6 Fighting
 * Level 8.2 Long Blades
 - Level 3.6 Armour
 - Level 3.6 Shields


You had 6 spell levels left.
You didn't know any spells.

Dungeon Overview and Level Annotations

Branches:
Dungeon (6/15)
 Temple: D:4-7

Altars:
Ashenzari
Cheibriados
Elyvilon
Gozag
Makhleb
Ru
Wu Jian
Xom
Zin

Shops:
D:5 !


Innate Abilities, Weirdness & Mutations

You reflexively headbutt those who attack you in melee.
You have a pair of horns on your head.


Message History

* * * LOW HITPOINT WARNING * * *
The jelly is moderately wounded.
You block the jelly's attack.
You hit the jelly.
Your hands burn!
* * * LOW HITPOINT WARNING * * *
The jelly is heavily wounded.
The jelly hits you but does no damage.
You hit the jelly but do no damage.
Your hands burn!
* * * LOW HITPOINT WARNING * * *
You headbutt the jelly.
The jelly is heavily wounded.
The jelly hits you but does no damage.
You slash the jelly! The acid corrodes you!
Your hands burn!
* * * LOW HITPOINT WARNING * * *
You headbutt the jelly.
The jelly is almost dead.
The jelly hits you.
* * * LOW HITPOINT WARNING * * *
The acid corrodes you!
You are splashed with acid!
The acid burns!
You die...

≈≈≈≈≈≈≈≈≈≈
▒··········
≈≈≈≈≈J≈≈
▒·········▒ ▒▒▒▒▒
▒(≈≈≈≈ ▒·········▒
···· ▒····▒
▒·········▒ ···▒
▒····▒▒▒
▒·········▒ ···▒
▒···((·▒
▒·········▒ ···
▒····▒·▒
▒··········
··▒▒▒▒▒▒▒▒▒····▒J▒
··········▒▒
·······(·)·····▒@▒
······▒▒╬▒▒▒
··▒▒▒▒▒▒▒▒▒····▒·▒
······ ▒·▒▒▒ ··▒
▒▒▒▒▒▒·▒ ▒▒▒▒▒
▒···· ··▒
▒·▒▒▒▒▒▒▒▒▒▒▒▒▒▒▒▒
··▒
▒·················
··▒ ▒▒▒
▒▒▒▒···(······ ▒▒▒
▒·▒▒▒▒▒▒▒▒▒ ▒
▒·▒▒▒▒▒▒▒▒▒ ▒
▒·········▒


You could see a jelly.

Vanquished Creatures
  2 ice beasts (D:6)
  2 centaurs
  A scorpion (D:5)
  A howler monkey (D:6)
  A crimson imp (D:5)
  A hound (D:5)
  An orc wizard (D:5)
  8 adders
  A shadow imp (D:5)
  3 worms
  2 dart slugs
  A leopard gecko (D:2)
  5 orcs
  A ball python (D:1)
  9 bats
  5 hobgoblins
  4 jackals (D:2)
  2 frilled lizards
  2 goblins (D:2)
  7 kobolds
  A leopard gecko skeleton (D:4)
  6 rats
66 creatures vanquished.

Notes
Turn   | Place    | Note
-------+----------+-------------------------------------------
     0 | D:1      | Azzok the Minotaur Fighter began the quest for the Orb.
     0 | D:1      | Reached XP level 1. HP: 19/19 MP: 0/0
   188 | D:1      | Reached skill level 3 in Long Blades
   191 | D:1      | Reached XP level 2. HP: 24/27 MP: 1/1
  1143 | D:2      | Reached XP level 3. HP: 33/33 MP: 2/2
  1148 | D:2      | Reached skill level 4 in Long Blades
  1244 | D:2      | Found a sacrificial altar of Ru.
  1427 | D:2      | Found a snail-covered altar of Cheibriados.
  1436 | D:2      | Reached XP level 4. HP: 41/41 MP: 3/3
  1925 | D:3      | Reached skill level 5 in Long Blades
  2049 | D:3      | Found a shattered altar of Ashenzari.
  2251 | D:3      | Found a white marble altar of Elyvilon.
  2251 | D:3      | Found an opulent altar of Gozag.
  2481 | D:4      | Reached XP level 5. HP: 47/47 MP: 4/4
  2527 | D:4      | Found an ornate altar of the Wu Jian Council.
  2758 | D:5      | Entered Level 5 of the Dungeon
  2778 | D:5      | Found Nanew's Distillery.
  2786 | D:5      | Bought a potion of curing for 42 gold pieces
  2786 | D:5      | Bought a potion of degeneration for 14 gold pieces
  2919 | D:5      | Reached skill level 5 in Fighting
  2986 | D:5      | Noticed a centaur
  2990 | D:5      | Reached skill level 6 in Long Blades
  2995 | D:5      | Killed a centaur
  2995 | D:5      | Reached XP level 6. HP: 49/56 MP: 5/5
  3241 | D:5      | Found a shimmering altar of Xom.
  3242 | D:5      | Found a burning altar of Makhleb.
  3244 | D:5      | Paralysed by a crimson imp for 2 turns
  3530 | D:6      | Noticed an ice beast
  3538 | D:6      | Killed an ice beast
  3538 | D:6      | Reached skill level 7 in Long Blades
  3602 | D:6      | Noticed an ice beast
  3616 | D:6      | Killed an ice beast
  3616 | D:6      | Reached XP level 7. HP: 64/64 MP: 6/6
  3755 | D:6      | Found a glowing silver altar of Zin.
  3785 | D:6      | Reached skill level 8 in Long Blades
  3825 | D:6      | Splashed by a jelly's acid

Vault maps used:
D:1:      tarquinn_simple_flora_water_c, palyth_stone_intersect,
          minmay_pentomino_u4
D:2:      nicolae_ru_the_path_less_chosen, kennysheep_slug_shrine
D:3:      ashenzari_conservatory_becter, gammafunk_temple_overflow_elements,
          first_ration
D:4:      lemuel_doored_altar
D:5:      grunt_temple_overflow_champion_of_chaos, serial_shops, shop
D:6:      kennysheep_mini_moat, centaur_isle

Skill      XL: |  1  2  3  4  5  6  7 |
---------------+----------------------+-----
Long Blades    | 3 4 5 6 7 8 |  8.2
Fighting       | 4 5 6 |  6.6
Armour         | |  3.6
Shields        | |  3.6

Action                   |  1- 3 |  4- 6 |  7- 9 || total
-------------------------+-------+-------+-------++-------
Melee: Long sword        |    88 |   117 |    19 ||   224
       Headbutt          |    11 |    18 |     4 ||    33
  Eat: Chunk             |     2 |     5 |       ||     7
       Ration            |       |       |     1 ||     1
Armor: Scale mail        |    59 |    42 |       ||   101
       Chain mail        |       |     8 |    13 ||    21
Dodge: Dodged            |    28 |    28 |     1 ||    57
Block: Shield            |    59 |    52 |     4 ||   115
       Rpst.: Long sword |    11 |     8 |       ||    19

Table legend:
 A = Spawn XP
 B = Non-spawn XP
 C = Spawn XP percentage of total XP
 D = Spawn monster count
 E = Non-spawn monster count
 F = Spawn count percentage of total count
 G = Total turns spent on level
                    A         B        C        D         E        F      G
               +---------+---------+-------+---------+---------+-------+---------
         Total |       0 |     965 |   0.0 |       0 |      66 |   0.0 |  3825
               +---------+---------+-------+---------+---------+-------+---------
           D:1 |       0 |      29 |   0.0 |       0 |      19 |   0.0 |  1060
           D:2 |       0 |      71 |   0.0 |       0 |      18 |   0.0 |   586
           D:3 |       0 |      66 |   0.0 |       0 |      13 |   0.0 |   758
           D:4 |       0 |      31 |   0.0 |       0 |       4 |   0.0 |   354
           D:5 |       0 |     328 |   0.0 |       0 |       8 |   0.0 |   756
           D:6 |       0 |     440 |   0.0 |       0 |       4 |   0.0 |   311
               +---------+---------+-------+---------+---------+-------+---------
